 Dungeon Crawl Stone Soup version 0.31-a0-240-gb923e448b6 (webtiles) character file.

Game seed: 17255691542377650837

119 qw the Shooter (level 5, -2/30 HPs)
             Began as a Gargoyle Hexslinger on July 11, 2023.
             Slain by Sigmund
             ... wielding a +2 vampiric scythe
              (5 damage)
             ... on level 3 of the Dungeon.
             The game lasted 00:00:43 (1916 turns).

qw the Shooter (Gargoyle Hexslinger)                Turns: 1916, Time: 00:00:44

Health: -2/30      AC:  9    Str: 11    XL:     5   Next: 3%
Magic:  6/6        EV: 12    Int: 14    God:
Gold:   88         SH:  0    Dex: 14    Spells: 5/6 levels left

rFire   + . .        Y - +1 sling
rCold   . . .        (no shield)
rNeg    + . .        c - +0 robe
rPois   inf          (no helmet)
rElec   +            (no cloak)
rCorr   .            g - +2 pair of gloves
SInv    .            (no boots)
Will    .....        (no amulet)
Stlth   +            h - ring of protection from fire
HPRegen 0.25/turn    (no ring)
MPRegen 0.10/turn

%: no passive effects
@: no status effects
A: sickness immunity, AC +4, negative energy resistance 1, electricity
resistance, torment resistance 1, petrification resistance
a: no special abilities


You were on level 3 of the Dungeon.
You visited 1 branch of the dungeon, and saw 3 of its levels.

You collected 88 gold pieces.


Innate Abilities, Weirdness & Mutations

You are immune to sickness and miasma.
Your stone body is resilient. (AC +4)
You are immune to poison.
You resist negative energy. (rN+)
You are resistant to electric shocks. (rElec)
You are resistant to unholy torment.
You are immune to petrification.


   Skills:
 - Level 2.0 Fighting
 + Level 4.7 Ranged Weapons
 - Level 1.5 Dodging
 - Level 1.0 Spellcasting
 - Level 2.6 Hexes


You had 5 spell levels left.
You knew the following spells:

 Your Spells              Type           Power      Damage    Failure   Level
a - Slow                  Hex            32%        N/A       9%          1

Your spell library contained the following spells:

 Spells                   Type           Power      Damage    Failure   Level
 Inner Flame              Hex/Fire       4%         N/A       41%         3
 Portal Projectile        Hex/Tloc       8%         N/A       41%         3
 Cause Fear               Hex            4%         N/A       65%         4

Inventory:

Hand Weapons
 Y - a +1 sling (weapon)
Armour
 c - a +0 robe (worn)
 g - a +2 pair of gloves (worn)
Jewellery
 h - a ring of protection from fire (left hand)
Potions
 a - a potion of brilliance {unknown}
 f - a potion of mutation {unknown}

Dungeon Overview and Level Annotations

Branches:
Dungeon (3/15)

Altars:

Annotations:
D:3 Sigmund


Message History

Sigmund hits you from afar with a +2 vampiric scythe!
You shoot a sling bullet.
The sling bullet closely misses Sigmund.
The giant cockroach bites you but does no damage.
You shoot a sling bullet.
The sling bullet hits the giant cockroach.
The giant cockroach is heavily wounded.
Sigmund hits you from afar with a +2 vampiric scythe.
The giant cockroach bites you but does no damage.
You shoot a sling bullet.
The sling bullet barely misses the giant cockroach.
The giant cockroach misses you.
Sigmund hits you from afar with a +2 vampiric scythe.
You shoot a sling bullet.
The sling bullet hits the giant cockroach.
The giant cockroach is severely wounded.
The giant cockroach barely misses you. Sigmund gestures at you while chanting.
The puff of flame hits you. You resist. The giant cockroach closely misses you.
You shoot a sling bullet.
The sling bullet hits the giant cockroach.
The giant cockroach is almost dead.
The giant cockroach closely misses you. Sigmund misses you.
You shoot a sling bullet.
The sling bullet hits the giant cockroach.
You kill the giant cockroach!
Sigmund misses you.
You shoot a sling bullet. The sling bullet hits Sigmund.
Sigmund is lightly wounded.
You shoot a sling bullet. The sling bullet hits Sigmund.
Sigmund is lightly wounded.
Sigmund completely misses you.
You shoot a sling bullet.
The sling bullet hits Sigmund but does no damage.
Sigmund is lightly wounded.
Sigmund hits you from afar with a +2 vampiric scythe.
You shoot a sling bullet.
The sling bullet closely misses Sigmund.
Sigmund hits you from afar with a +2 vampiric scythe.
You die...

#####
##...##
##.###.##
##.## ##.##
#######.##
##.###
........#
#.@.#
#######.#
#[..@.....
#%.#
#.##.###...
....# #..
... .
#......#%
##..
#..#..##.
...#
#........
#.# #.
#.......#
.# ..


You could see Sigmund.

Vanquished Creatures
  A hound (D:3)
  A gnoll (D:1)
  2 adders (D:2)
  2 worms (D:2)
  3 dart slugs (D:1)
  5 ball pythons
  5 bats
  4 endoplasms
  2 giant cockroaches
  2 goblins (D:1)
  4 hobgoblins
  A jackal (D:1)
  3 quokkas
  A frilled lizard (D:1)
  3 kobolds
  4 rats
43 creatures vanquished.

Notes
Turn   | Place    | Note
-------+----------+-------------------------------------------
     0 | D:1      | qw the Gargoyle Hexslinger began the quest for the Orb.
     0 | D:1      | Reached XP level 1. HP: 12/12 MP: 2/2
     0 | D:1      | 0 ||| qw: Version: 0.3-a-52-g30416fa
     0 | D:1      | 0 ||| qw: Game counter: 6054
     0 | D:1      | 0 ||| qw: Melee chars always use a shield: true
     0 | D:1      | 0 ||| qw: God list: Okawaru
     0 | D:1      | 0 ||| qw: Allow faded altars: false
     0 | D:1      | 0 ||| qw: Do Orc after clearing Dungeon:15 true
     0 | D:1      | 0 ||| qw: Do second Lair branch before Depths: true
     0 | D:1      | 0 ||| qw: Lair rune preference: random
     0 | D:1      | 0 ||| qw: Goals: Normal
     0 | D:1      | 0 ||| PLANNING D:1-11
    55 | D:1      | Reached XP level 2. HP: 16/16 MP: 3/3
   377 | D:1      | Reached skill level 3 in Ranged Weapons
   467 | D:1      | Reached XP level 3. HP: 21/21 MP: 4/4
   784 | D:1      | 784 ||| UPGRADING to +2 pair of gloves.
   789 | D:1      | 789 ||| UPGRADING to ring of protection from fire.
   790 | D:1      | 790 ||| READING scroll labelled YCITHR LUTAFELE.
   794 | D:1      | 794 ||| READING scroll labelled YJE QIKKAGU.
   795 | D:1      | 795 ||| DRINKING 2 ruby potions.
   796 | D:1      | 796 ||| DROPPING scroll of poison.
   797 | D:1      | 797 ||| DROPPING potion of attraction.
   839 | D:2      | HP: 5/21 [worm (5)]
   959 | D:2      | Reached XP level 4. HP: 24/26 MP: 5/5
  1104 | D:2      | Reached skill level 4 in Ranged Weapons
  1618 | D:2      | 1618 ||| READING scroll labelled WIOCLI UFEH.
  1706 | D:3      | Reached XP level 5. HP: 22/30 MP: 6/6
  1902 | D:3      | Noticed Sigmund
  1910 | D:3      | HP: 7/30 [Sigmund/puff of flame (5)]
  1915 | D:3      | HP: 3/30 [Sigmund/+2 vampiric scythe (6)]
  1916 | D:3      | Slain by Sigmund

Levels and vault maps discovered:
D:1:      dpeg_arrival_round_b, layout_loops_ring, st_stairs_1
D:2:      layout_basic
D:3:      layout_loops_ring, mainiacjoe_overflow_surrounded_room,
          shapermc_ecumenical_altar_gd, uniq_sigmund, uniq_grinder

Skill      XL: |  1  2  3  4 |
---------------+-------------+-----
Ranged Weapons | 3 4 |  4.7
Fighting       | 2 |  2.0
Dodging        | |  1.5
Spellcasting   | |  1.0
Hexes          | |  2.6

Action                     |  1- 3 |  4- 6 || total
---------------------------+-------+-------++-------
   Fire: Sling             |   136 |    60 ||   196
    Use: Scroll            |     2 |     1 ||     3
         Potion            |     1 |       ||     1
 Armour: Robe              |    26 |    16 ||    42
  Dodge: Dodged            |    61 |    23 ||    84

Table legend:
 A = Non-vault XP
 B = Vault XP
 C = Vault XP percentage of total XP
 D = Non-vault monster count
 E = Vault monster count
 F = Vault count percentage of total count
                 A         B        C        D         E       F
            +---------+---------+-------+---------+---------+-------
      Total |     165 |       5 |   2.9 |      40 |       3 |   7.0
            +---------+---------+-------+---------+---------+-------
        D:1 |      60 |       5 |   7.7 |      23 |       3 |  11.5
        D:2 |      52 |       0 |   0.0 |      12 |       0 |   0.0
        D:3 |      53 |       0 |   0.0 |       5 |       0 |   0.0
            +---------+---------+-------+---------+---------+-------
